 Dungeon Crawl Stone Soup version 0.27.1-3-gb3d3a73c9e (webtiles) character file.

Game seed: 6832197890037034586

469 Crownlay the Shield-Bearer (level 7, -3/56 HPs)
             Began as a Formicid Fighter on Oct 17, 2021.
             Was a Follower of Nemelex Xobeh.
             Slain by a yak (15 damage)
             ... on level 5 of the Dungeon.
             The game lasted 00:05:43 (5257 turns).

Crownlay the Shield-Bearer (Formicid Fighter)       Turns: 5257, Time: 00:05:43

Health: -3/56      AC:  6    Str: 23    XL:     7   Next: 30%
Magic:  9/9        EV:  9    Int:  7    God:    Nemelex Xobeh [*.....]
Gold:   220        SH:  0    Dex: 10    Spells: 6/6 levels left

rFire    . . .     SeeInvis +   a - +0 war axe
rCold    . . .     Faith    +   (no shield)
rNeg     . . .     Spirit   .   b - +0 scale mail
rPois    .         Reflect  .   (helmet unavailable)
rElec    .         Harm     .   (no cloak)
rCorr    .         Rampage  .   (no gloves)
Will     .....                  (no boots)
Stlth    ..........             g - amulet of faith
HPRegen  0.18/turn              (no ring)
MPRegen  0.11/turn              (no ring)

@: no status effects
A: permanent stasis, dig shafts and tunnels, antennae 3, four strong arms
a: Dig, Shaft Self, Renounce Religion, Draw Escape, Draw Destruction, Draw
Summoning


You were on level 5 of the Dungeon.
You worshipped Nemelex Xobeh.
Nemelex Xobeh was aware of your devotion.
You visited 1 branch of the dungeon, and saw 5 of its levels.

You collected 220 gold pieces.

Inventory:

Hand Weapons
 a - a +0 war axe (weapon)
Missiles
 e - 3 curare-tipped darts
Armour
 b - a +0 scale mail (worn)
 c - a +1 kite shield
Jewellery
 g - an amulet of faith (around neck)
Wands
 r - a wand of mindburst (12)
 s - a wand of paralysis (10)
 v - a wand of iceblast (6)
Scrolls
 f - a scroll of enchant armour
 h - 3 scrolls of identify
 k - a scroll of noise {unknown}
 m - a scroll of immolation {unknown}
 n - 2 scrolls of teleportation
 o - a scroll of magic mapping
 q - a scroll of amnesia
 t - a scroll of silence {unknown}
Potions
 d - 3 potions of degeneration {unknown}
 i - a potion of ambrosia {unknown}
 j - a potion of heal wounds
 l - a potion of attraction {unknown}
 p - a potion of might
 u - a potion of resistance {unknown}


   Skills:
 + Level 5.1 Fighting
 - Level 2.0 Axes
 - Level 3.2 Armour
 * Level 7.4 Shields
 + Level 3.3 Invocations


You had 6 spell levels left.
You didn't know any spells.
Your spell library contained the following spells:

 Spells                   Type           Power      Damage    Failure   Level
 Animate Skeleton         Necr           0%         N/A       75%         1
 Apportation              Tloc           0%         N/A       75%         1
 Beastly Appendage        Tmut           0%         N/A       75%         1
 Corona                   Hex            0%         N/A       75%         1
 Shock                    Conj/Air       0%         1d3       75%         1
 Summon Small Mammal      Summ           0%         N/A       75%         1
 Wereblood                Tmut           0%         N/A       86%         2
 Gell's Gravitas          Tloc           0%         N/A       98%         3
 Lesser Beckoning         Tloc           0%         N/A       98%         3
 Spider Form              Tmut/Pois      0%         N/A       98%         3
 Teleport Other           Tloc           0%         N/A       98%         3
 Airstrike                Air            0%         N/A       100%        4
 Fireball                 Conj/Fire      0%         3d3       100%        5
 Starburst                Conj/Fire      0%         6d3       100%        6
 Ignition                 Fire           0%         3d3       100%        8
 Swiftness                Air            Unusable   N/A       N/A         3

Dungeon Overview and Level Annotations

Branches:
Dungeon (5/15)
 Temple: D:4-7

Altars:
Nemelex Xobeh
Qazlal

Shops:
D:3 :   D:5 !


Innate Abilities, Weirdness & Mutations

You cannot be hasted, slowed, berserked, paralysed or teleported.
You can dig through walls and to a lower floor.
You have a pair of large antennae on your head. (SInv)
Your four strong arms can wield two-handed weapons with a shield.


Message History

You see here a +0 mace of protection.
A yak is nearby!
A yak comes into view. x2
The yak bellows!
You hear a bellow!
The yak gores you!
A yak comes into view.
You slash the yak!
The yak is moderately wounded.
The yak gores you.
A yak comes into view.
The yak gores you but does no damage.
The yak bellows!
You hit the yak.
The yak is moderately wounded.
You closely miss the yak. The yak gores you.
A yak comes into view.
The yak gores you!
The yak moves out of view.
You slash the yak!
The yak is heavily wounded.
You closely miss the yak. The yak gores you! The yak closely misses you.
You are too injured to fight recklessly!
You are too injured to fight recklessly!
You are too injured to fight recklessly!
You are too injured to fight recklessly!
The yak closely misses you.
You slash the yak!
The yak is moderately wounded.
The yak gores you.
You slash the yak!
The yak is heavily wounded.
The yak gores you!
* * * LOW HITPOINT WARNING * * *
You slash the yak!
The yak is moderately wounded.
The yak misses you.
You hit the yak.
The yak is heavily wounded.
The yak gores you!
You die...
Your body disappears without a glow.

...# .. ...# ... ...#
######## .... ...#
#......##..... ####
#.............
##############..Y.Y........
.....#.........YYY###......
.......####.####Y## .....
......# ##..# #@# ....
.....####..## #..# ..#
#.######..## #..## ##
#.#......## #.# #...######
#. ..### #. #.# . ..# . .##


You could see 6 yaks.

Vanquished Creatures
  A phantom (D:5)
  A scorpion (D:4)
  A water moccasin skeleton (D:5)
  A jelly (D:4)
  An orc priest (D:5)
  2 iguanas
  A hound zombie (D:5)
  4 gnolls (D:5)
  3 adders (D:3)
  2 white imps (D:5)
  An adder skeleton (D:4)
  A worm (D:2)
  4 orcs (D:5)
  7 ball pythons
  4 bats
  6 endoplasms
  3 giant cockroaches
  6 hobgoblins
  3 jackals (D:4)
  4 quokkas
  4 frilled lizards
  8 goblins
  8 kobolds
  6 rats
82 creatures vanquished.

Notes
Turn   | Place    | Note
-------+----------+-------------------------------------------
     0 | D:1      | Crownlay the Formicid Fighter began the quest for the Orb.
     0 | D:1      | Reached XP level 1. HP: 18/18 MP: 1/1
   212 | D:1      | Reached skill level 4 in Shields
   212 | D:1      | Reached XP level 2. HP: 21/24 MP: 2/2
  1050 | D:2      | Reached XP level 3. HP: 29/29 MP: 3/3
  1973 | D:3      | Found Veuluax's Book Shop.
  2136 | D:3      | Reached skill level 5 in Shields
  2190 | D:3      | Found a sparkling altar of Nemelex Xobeh.
  2246 | D:3      | HP: 1/30 [adder (2)]
  2252 | D:3      | Reached XP level 4. HP: 14/37 MP: 4/4
  2277 | D:3      | Became a worshipper of Nemelex Xobeh the Trickster
  3161 | D:4      | Noticed a scorpion
  3171 | D:4      | Killed a scorpion
  3172 | D:4      | Reached skill level 1 in Invocations
  3172 | D:4      | Reached XP level 5. HP: 6/43 MP: 4/6
  3350 | D:4      | Reached skill level 6 in Shields
  3860 | D:4      | Reached XP level 6. HP: 29/49 MP: 7/7
  4100 | D:5      | Entered Level 5 of the Dungeon
  4100 | D:5      | Found Dezxegaj's Distillery.
  4391 | D:5      | Reached * piety under Nemelex Xobeh
  4680 | D:5      | Found a stormy altar of Qazlal.
  4716 | D:5      | Reached skill level 5 in Fighting
  4716 | D:5      | Reached skill level 7 in Shields
  4716 | D:5      | Reached XP level 7. HP: 12/56 MP: 9/9
  5243 | D:5      | Noticed a yak
  5245 | D:5      | Noticed a yak
  5245 | D:5      | Noticed a yak
  5246 | D:5      | Noticed a yak
  5247 | D:5      | Noticed a yak
  5248 | D:5      | Noticed a yak
  5257 | D:5      | Slain by a yak

Illustrated notes

Levels and vault maps discovered:
D:1:      eino_arrival_cavern_d, layout_loops_ring, hangedman_decor_push
D:2:      layout_basic
D:3:      layout_basic, mainiacjoe_overflow_24_doors, serial_shops, shop,
          minmay_strange_pillars
D:4:      layout_rooms
D:5:      layout_rooms, mainiacjoe_overflow_brackets, serial_shops,
          nicolae_shop_crystal, hangedman_abyss_or_decor_jellyfish_corner,
          uniq_crazy_yiuf_cottage

Skill      XL: |  1  2  3  4  5  6 |
---------------+-------------------+-----
Shields        | 4 5 6 7 |  7.4
Fighting       | 4 5 |  5.1
Invocations    | 1 2 3 |  3.3
Axes           | |  2.0
Armour         | |  3.2

Action                   |  1- 3 |  4- 6 |  7- 9 || total
-------------------------+-------+-------+-------++-------
Melee: War axe           |   121 |   146 |    22 ||   289
  Use: Potion            |     2 |     3 |       ||     5
       Scroll            |       |     4 |       ||     4
Armor: Scale mail        |    58 |    56 |     9 ||   123
Dodge: Dodged            |    67 |    94 |    12 ||   173
Block: Kite shield       |     1 |       |       ||     1
